1839 views
Uploaded 2022-12-22 02:44:31
Game version 1.32.10
51:20 long 3on3 ladder game on (6)Monsoon_LV
Saved by GIGA
1839 views
Uploaded 2022-12-22 02:44:31
Game version 1.32.10
51:20 long 3on3 ladder game on (6)Monsoon_LV


123 units @ 11.4k
/ 1.5k
144 buildings @ 12.2k
/ 6k
Cabeelibob
(194)
(51:05) : 
| Healing Salve | 3 | 300 |
| Lesser Clarity Potion | 13 | 910 |
| Orb of Lightning | 2 | 750 |
| Potion of Mana | 5 | 1000 |
| Tiny Great Hall | 6 | 3600 |
| Potion of Healing | 1 | 150 |
| Boots of Speed | 1 | 250 |
| Staff of Teleportation | 1 | 150 |
| Orb of Fire | 1 | 325 |
| total: | 33 | 7435g |
| Peon | 41 | 3075 | / | 0 |
| Troll Witch Doctor | 4 | 580 | / | 100 |
| Kodo Beast | 1 | 255 | / | 60 |
| total: | 46 | 3910g | / | 160w |
| Watch Tower | 6 | 660 | / | 480 |
| Altar of Storms | 1 | 180 | / | 50 |
| Orc Burrow | 3 | 480 | / | 120 |
| War Mill | 2 | 410 | / | 0 |
| Voodoo Lounge | 1 | 130 | / | 30 |
| Great Hall | 2 | 770 | / | 370 |
| Spirit Lodge | 1 | 150 | / | 150 |
| Beastiary | 1 | 145 | / | 140 |
| Stronghold | 1 | 315 | / | 190 |
| Fortress | 1 | 325 | / | 190 |
| total: | 17 | 2925g | / | 1340w |
| 0:05 | Altar of Storms |
| 0:09 | Orc Burrow |
| 0:10 | Peon |
| 0:19 | Peon |
| 0:33 | Peon |
| 0:47 | Peon |
| 0:56 | Peon |
| 1:01 | War Mill |
| 1:25 | Voodoo Lounge |
| 1:29 | Peon |
| 1:37 | Orc Burrow |
| 1:45 | Peon |
| 1:56 | Peon |
| 2:07 | Peon |
| 2:13 | Spiked Barricades |
| 2:26 | Wind Walk |
| 2:33 | Peon |
| 2:55 | Peon |
| 3:37 | Watch Tower |
| 3:39 | Healing Salve |
| 3:40 | Lesser Clarity Potion |
| 4:11 | Stronghold |
| 4:32 | Watch Tower |
| 5:28 | Critical Strike |
| 5:30 | Bash |
| 6:10 | Orc Burrow |
| 7:55 | Fortress |
| 8:00 | Spirit Lodge |
| 8:02 | Beastiary |
| 8:08 | Boots of Speed |
| 8:29 | Staff of Teleportation |
| 8:35 | Reinforced Defenses |
| 8:39 | Watch Tower |
| 8:46 | Healing Salve |
| 8:50 | Lesser Clarity Potion |
| 9:20 | Witch Doctor Adept Training |
| 10:42 | Witch Doctor Master Training |
| 10:43 | Troll Witch Doctor |
| 10:43 | Troll Witch Doctor |
| 10:43 | Troll Witch Doctor |
| 10:44 | Troll Witch Doctor |
| 10:45 | War Drums Damage Increase |
| 10:45 | Liquid Fire |
| 11:29 | Lesser Clarity Potion |
| 11:37 | Orb of Lightning |
| 12:55 | Watch Tower |
| 12:55 | Watch Tower |
| 12:56 | Watch Tower |
| 14:08 | Kodo Beast |
| 15:20 | Lesser Clarity Potion |
| 16:16 | Critical Strike |
| 17:11 | Wind Walk |
| 18:23 | War Mill |
| 20:44 | Potion of Mana |
| 20:48 | Lesser Clarity Potion |
| 20:50 | Tiny Great Hall |
| 21:48 | Critical Strike |
| 26:19 | Bladestorm |
| 28:00 | Potion of Healing |
| 28:03 | Lesser Clarity Potion |
| 28:04 | Potion of Mana |
| 28:07 | Healing Salve |
| 29:38 | Great Hall |
| 29:46 | Great Hall |
| 29:54 | Lesser Clarity Potion |
| 30:07 | Tiny Great Hall |
| 31:21 | Lesser Clarity Potion |
| 31:27 | Peon |
| 31:28 | Peon |
| 31:28 | Peon |
| 31:28 | Peon |
| 31:29 | Peon |
| 33:01 | Wind Walk |
| 33:53 | Lesser Clarity Potion |
| 33:55 | Potion of Mana |
| 34:23 | Tiny Great Hall |
| 36:36 | Peon |
| 36:36 | Peon |
| 36:36 | Peon |
| 36:36 | Peon |
| 36:37 | Peon |
| 36:59 | Lesser Clarity Potion |
| 37:01 | Potion of Mana |
| 37:05 | Tiny Great Hall |
| 39:37 | Mirror Image |
| 44:12 | Peon |
| 44:12 | Peon |
| 44:13 | Peon |
| 44:13 | Peon |
| 44:13 | Peon |
| 44:50 | Lesser Clarity Potion |
| 44:55 | Potion of Mana |
| 44:57 | Tiny Great Hall |
| 45:31 | Orb of Fire |
| 45:42 | Orb of Lightning |
| 45:59 | Peon |
| 45:59 | Peon |
| 45:59 | Peon |
| 46:00 | Peon |
| 46:00 | Peon |
| 47:04 | Peon |
| 47:04 | Peon |
| 47:05 | Peon |
| 47:05 | Peon |
| 47:05 | Peon |
| 48:03 | Lesser Clarity Potion |
| 48:31 | Tiny Great Hall |
| 48:45 | Mirror Image |
| 49:37 | Lesser Clarity Potion |
| 49:43 | Peon |
| 49:43 | Peon |
| 49:43 | Peon |
| 49:44 | Peon |
| 49:44 | Peon |
| Right click | 1642 |
| Select | 219 |
| Misc. action | 199 |
| Build/train/purchase | 172 |
| Select group | 166 |
| Resource trade | 100 |
| Chat | 98 |
| Use ability | 33 |
| Item give/drop | 16 |
| Minimap ping | 8 |
| Assign group | 5 |



| Boots of Speed | 4 | 1000 |
| total: | 4 | 1000g |
| Peasant | 21 | 1575 | / | 0 |
| Mortar Team | 4 | 720 | / | 280 |
| Flying Machine | 30 | 3000 | / | 900 |
| Dragonhawk Rider | 4 | 800 | / | 120 |
| total: | 59 | 6095g | / | 1300w |
| Scout Tower | 22 | 660 | / | 440 |
| Arcane Tower | 1 | 70 | / | 50 |
| Guard Tower | 9 | 630 | / | 450 |
| Altar of Kings | 3 | 540 | / | 150 |
| Farm | 22 | 1760 | / | 440 |
| Lumber Mill | 2 | 240 | / | 0 |
| Town Hall | 1 | 385 | / | 205 |
| Blacksmith | 1 | 140 | / | 60 |
| Arcane Vault | 1 | 130 | / | 30 |
| Cannon Tower | 3 | 360 | / | 300 |
| Workshop | 6 | 840 | / | 840 |
| Gryphon Aviary | 1 | 140 | / | 150 |
| Keep | 1 | 320 | / | 210 |
| Castle | 1 | 360 | / | 210 |
| total: | 59 | 4835g | / | 2315w |
| 0:01 | Peasant |
| 0:09 | Peasant |
| 0:17 | Altar of Kings |
| 0:18 | Peasant |
| 0:33 | Farm |
| 0:35 | Peasant |
| 0:50 | Lumber Mill |
| 0:51 | Peasant |
| 1:05 | Farm |
| 1:08 | Peasant |
| 1:22 | Scout Tower |
| 1:24 | Peasant |
| 1:39 | Peasant |
| 1:54 | Improved Lumber Harvesting |
| 2:01 | Peasant |
| 2:07 | Peasant |
| 2:11 | Arcane Tower |
| 2:16 | Peasant |
| 2:21 | Scout Tower |
| 2:25 | Scout Tower |
| 2:26 | Scout Tower |
| 2:28 | Scout Tower |
| 2:30 | Scout Tower |
| 2:33 | Scout Tower |
| 2:36 | Storm Bolt |
| 2:40 | Peasant |
| 2:42 | Peasant |
| 3:08 | Guard Tower |
| 3:27 | Town Hall |
| 3:34 | Guard Tower |
| 3:36 | Scout Tower |
| 3:37 | Peasant |
| 3:44 | Improved Masonry |
| 3:55 | Guard Tower |
| 4:30 | Scout Tower |
| 4:31 | Guard Tower |
| 4:36 | Peasant |
| 4:37 | Peasant |
| 4:38 | Peasant |
| 5:04 | Keep |
| 5:13 | Blacksmith |
| 5:18 | Guard Tower |
| 5:23 | Scout Tower |
| 5:37 | Scout Tower |
| 5:40 | Peasant |
| 5:47 | Bash |
| 5:57 | Farm |
| 5:57 | Farm |
| 5:59 | Farm |
| 6:12 | Guard Tower |
| 6:13 | Scout Tower |
| 6:15 | Guard Tower |
| 7:04 | Guard Tower |
| 7:25 | Castle |
| 7:27 | Workshop |
| 7:28 | Workshop |
| 7:29 | Workshop |
| 7:36 | Workshop |
| 7:38 | Workshop |
| 7:47 | Advanced Lumber Harvesting |
| 7:47 | Advanced Masonry |
| 7:52 | Peasant |
| 7:52 | Peasant |
| 7:52 | Peasant |
| 8:09 | Workshop |
| 8:12 | Black Gunpowder |
| 8:31 | Flare |
| 8:41 | Flak Cannons |
| 9:20 | Mortar Team |
| 9:25 | Farm |
| 9:26 | Farm |
| 9:27 | Farm |
| 9:40 | Holy Light |
| 11:02 | Flying Machine Bombs |
| 11:02 | Fragmentation Shards |
| 11:06 | Imbued Masonry |
| 11:11 | Lumber Mill |
| 11:14 | Gryphon Aviary |
| 11:19 | Refined Gunpowder |
| 11:20 | Iron Plating |
| 11:46 | Flying Machine |
| 11:46 | Flying Machine |
| 11:55 | Flying Machine |
| 11:55 | Flying Machine |
| 11:55 | Flying Machine |
| 11:55 | Flying Machine |
| 11:55 | Flying Machine |
| 12:21 | Flying Machine |
| 12:26 | Farm |
| 12:27 | Farm |
| 12:29 | Farm |
| 12:34 | Farm |
| 12:36 | Farm |
| 12:37 | Farm |
| 12:53 | Scout Tower |
| 12:53 | Scout Tower |
| 12:56 | Scout Tower |
| 12:57 | Scout Tower |
| 13:02 | Imbued Gunpowder |
| 13:29 | Guard Tower |
| 13:33 | Flying Machine |
| 13:42 | Arcane Vault |
| 14:19 | Flying Machine |
| 14:20 | Flying Machine |
| 14:20 | Flying Machine |
| 15:13 | Scout Tower |
| 15:13 | Scout Tower |
| 15:14 | Scout Tower |
| 15:14 | Scout Tower |
| 15:15 | Scout Tower |
| 15:18 | Scout Tower |
| 15:24 | Farm |
| 15:25 | Farm |
| 15:26 | Farm |
| 15:27 | Farm |
| 15:29 | Farm |
| 15:30 | Farm |
| 15:30 | Farm |
| 15:44 | Cloud |
| 15:50 | Steel Plating |
| 15:54 | Cannon Tower |
| 16:07 | Cannon Tower |
| 16:12 | Cannon Tower |
| 16:21 | Flying Machine |
| 16:25 | Dragonhawk Rider |
| 16:25 | Dragonhawk Rider |
| 16:29 | Farm |
| 17:55 | Storm Bolt |
| 17:57 | Storm Bolt |
| 17:58 | Divine Shield |
| 17:58 | Divine Shield |
| 18:23 | Mithril Plating |
| 20:15 | Holy Light |
| 20:17 | Holy Light |
| 23:25 | Boots of Speed |
| 23:26 | Boots of Speed |
| 25:01 | Flying Machine |
| 25:02 | Flying Machine |
| 25:02 | Flying Machine |
| 25:02 | Flying Machine |
| 25:02 | Flying Machine |
| 25:04 | Flying Machine |
| 25:04 | Flying Machine |
| 25:20 | Studded Leather Armor |
| 25:42 | Bash |
| 28:03 | Altar of Kings |
| 28:05 | Altar of Kings |
| 29:32 | Dragonhawk Rider |
| 29:32 | Dragonhawk Rider |
| 29:54 | Brilliance Aura |
| 32:52 | Divine Shield |
| 33:33 | Blizzard |
| 35:23 | Storm Bolt |
| 35:37 | Flying Machine |
| 35:37 | Flying Machine |
| 35:37 | Flying Machine |
| 35:38 | Flying Machine |
| 35:38 | Flying Machine |
| 35:40 | Flying Machine |
| 35:40 | Flying Machine |
| 36:58 | Reinforced Leather Armor |
| 37:11 | Mortar Team |
| 37:14 | Mortar Team |
| 39:11 | Holy Light |
| 40:18 | Brilliance Aura |
| 43:01 | Avatar |
| 44:00 | Avatar |
| 44:04 | Boots of Speed |
| 44:04 | Boots of Speed |
| 44:58 | Mortar Team |
| 44:59 | Flying Machine |
| 45:00 | Flying Machine |
| 45:00 | Flying Machine |
| 47:57 | Resurrection |
| Right click | 1873 |
| Select group | 770 |
| Select | 506 |
| Use ability | 176 |
| Build/train/purchase | 143 |
| Misc. action | 110 |
| Resource trade | 60 |
| Chat | 43 |
| Minimap ping | 19 |
| Assign group | 15 |
| Item give/drop | 4 |
| Esc | 1 |


| Peasant | 18 | 1350 | / | 0 |
| total: | 18 | 1350g | / | 0w |
| Scout Tower | 49 | 1470 | / | 980 |
| Arcane Tower | 6 | 420 | / | 300 |
| Guard Tower | 9 | 630 | / | 450 |
| Altar of Kings | 2 | 360 | / | 100 |
| Farm | 8 | 640 | / | 160 |
| Lumber Mill | 2 | 240 | / | 0 |
| Town Hall | 3 | 1155 | / | 615 |
| Arcane Vault | 1 | 130 | / | 30 |
| Arcane Sanctum | 1 | 150 | / | 140 |
| Gryphon Aviary | 2 | 280 | / | 300 |
| Keep | 1 | 320 | / | 210 |
| Castle | 1 | 360 | / | 210 |
| total: | 68 | 4425g | / | 2325w |
| 0:06 | Peasant |
| 0:06 | Peasant |
| 0:13 | Altar of Kings |
| 0:16 | Farm |
| 0:17 | Farm |
| 0:23 | Peasant |
| 0:30 | Peasant |
| 0:52 | Peasant |
| 0:53 | Peasant |
| 1:01 | Lumber Mill |
| 1:04 | Peasant |
| 1:18 | Peasant |
| 1:24 | Farm |
| 1:33 | Scout Tower |
| 1:36 | Peasant |
| 1:36 | Peasant |
| 2:01 | Arcane Tower |
| 2:05 | Improved Lumber Harvesting |
| 2:07 | Improved Masonry |
| 2:16 | Peasant |
| 2:16 | Peasant |
| 2:41 | Storm Bolt |
| 3:11 | Scout Tower |
| 3:12 | Scout Tower |
| 3:12 | Scout Tower |
| 3:14 | Scout Tower |
| 3:15 | Scout Tower |
| 3:15 | Scout Tower |
| 3:16 | Scout Tower |
| 3:21 | Scout Tower |
| 3:22 | Scout Tower |
| 3:22 | Scout Tower |
| 3:33 | Peasant |
| 3:33 | Peasant |
| 3:33 | Peasant |
| 4:03 | Keep |
| 4:16 | Guard Tower |
| 4:47 | Guard Tower |
| 4:50 | Scout Tower |
| 4:51 | Scout Tower |
| 4:52 | Scout Tower |
| 4:52 | Scout Tower |
| 4:58 | Scout Tower |
| 5:00 | Scout Tower |
| 5:11 | Scout Tower |
| 5:11 | Scout Tower |
| 5:25 | Scout Tower |
| 5:25 | Scout Tower |
| 5:27 | Scout Tower |
| 5:27 | Scout Tower |
| 5:28 | Scout Tower |
| 5:29 | Scout Tower |
| 5:31 | Scout Tower |
| 5:32 | Scout Tower |
| 5:33 | Scout Tower |
| 5:34 | Scout Tower |
| 5:35 | Scout Tower |
| 5:36 | Scout Tower |
| 5:37 | Scout Tower |
| 5:38 | Scout Tower |
| 5:40 | Guard Tower |
| 6:06 | Town Hall |
| 6:24 | Peasant |
| 6:25 | Peasant |
| 6:25 | Peasant |
| 7:10 | Guard Tower |
| 7:36 | Guard Tower |
| 7:42 | Scout Tower |
| 7:42 | Scout Tower |
| 7:44 | Scout Tower |
| 7:44 | Scout Tower |
| 7:46 | Scout Tower |
| 7:47 | Scout Tower |
| 7:47 | Scout Tower |
| 8:10 | Advanced Masonry |
| 8:46 | Arcane Tower |
| 8:58 | Arcane Sanctum |
| 9:02 | Lumber Mill |
| 9:09 | Arcane Tower |
| 9:26 | Guard Tower |
| 9:28 | Arcane Tower |
| 9:57 | Arcane Tower |
| 9:58 | Guard Tower |
| 10:01 | Guard Tower |
| 10:11 | Castle |
| 10:26 | Magic Sentry |
| 11:04 | Scout Tower |
| 11:14 | Gryphon Aviary |
| 11:18 | Arcane Vault |
| 11:22 | Gryphon Aviary |
| 12:25 | Holy Light |
| 12:27 | Guard Tower |
| 12:30 | Scout Tower |
| 12:31 | Scout Tower |
| 12:32 | Scout Tower |
| 12:37 | Scout Tower |
| 12:40 | Scout Tower |
| 12:41 | Scout Tower |
| 12:41 | Scout Tower |
| 12:42 | Scout Tower |
| 15:03 | Arcane Tower |
| 21:40 | Town Hall |
| 22:00 | Town Hall |
| 24:30 | Bash |
| 26:32 | Altar of Kings |
| 28:19 | Farm |
| 28:20 | Farm |
| 28:21 | Farm |
| 28:26 | Farm |
| 28:33 | Farm |
| 33:31 | Storm Bolt |
| 40:32 | Divine Shield |
| 44:25 | Holy Light |
| 50:06 | Bash |
| 50:11 | Resurrection |
| Right click | 3101 |
| Select group | 2537 |
| Select | 480 |
| Use ability | 72 |
| Chat | 68 |
| Build/train/purchase | 67 |
| Resource trade | 33 |
| Assign group | 26 |
| Minimap ping | 21 |
| Misc. action | 3 |
| Esc | 2 |
| Remove unit | 1 |
243 units @ 31.6k
/ 5.6k
115 buildings @ 18.9k
/ 10.4k


| Healing Salve | 1 | 100 |
| Dust of Appearance | 1 | 75 |
| Scroll of Town Portal | 1 | 350 |
| total: | 3 | 525g |
| Peon | 11 | 825 | / | 0 |
| Troll Headhunter | 16 | 2240 | / | 320 |
| Shaman | 12 | 1560 | / | 240 |
| Troll Berserker | 20 | 2800 | / | 400 |
| Demolisher | 3 | 660 | / | 150 |
| Grunt | 1 | 200 | / | 0 |
| Troll Batrider | 8 | 1280 | / | 320 |
| total: | 71 | 9565g | / | 1430w |
| Watch Tower | 39 | 4290 | / | 3120 |
| Altar of Storms | 1 | 180 | / | 50 |
| Orc Burrow | 6 | 960 | / | 240 |
| War Mill | 1 | 205 | / | 0 |
| Barracks | 1 | 180 | / | 50 |
| Voodoo Lounge | 1 | 130 | / | 30 |
| Great Hall | 5 | 1925 | / | 925 |
| Spirit Lodge | 1 | 150 | / | 150 |
| Beastiary | 1 | 145 | / | 140 |
| Stronghold | 2 | 630 | / | 380 |
| Fortress | 2 | 650 | / | 380 |
| total: | 56 | 8165g | / | 4705w |
| 0:03 | Peon |
| 0:03 | Peon |
| 0:08 | Altar of Storms |
| 0:24 | Orc Burrow |
| 0:31 | Peon |
| 0:35 | War Mill |
| 0:48 | Peon |
| 1:06 | Barracks |
| 1:10 | Peon |
| 1:20 | Peon |
| 1:34 | Voodoo Lounge |
| 1:40 | Peon |
| 2:00 | Orc Burrow |
| 2:12 | Troll Headhunter |
| 2:19 | Feral Spirit |
| 2:33 | Peon |
| 2:37 | Troll Headhunter |
| 2:56 | Troll Headhunter |
| 3:15 | Stronghold |
| 3:24 | Chain Lighting |
| 3:30 | Troll Headhunter |
| 4:09 | Troll Headhunter |
| 4:18 | Troll Headhunter |
| 4:33 | Troll Headhunter |
| 4:37 | Orc Burrow |
| 4:39 | Steel Ranged Weapons |
| 5:28 | Feral Spirit |
| 5:30 | Troll Headhunter |
| 5:54 | Spirit Lodge |
| 6:07 | Troll Headhunter |
| 6:11 | Orc Burrow |
| 6:36 | Troll Regeneration |
| 7:00 | Troll Headhunter |
| 7:08 | Fortress |
| 7:14 | Steel Armor |
| 7:48 | Troll Headhunter |
| 7:53 | War Stomp |
| 7:56 | Shaman Adept Training |
| 7:59 | Troll Headhunter |
| 9:00 | Troll Headhunter |
| 9:03 | Thorium Ranged Weapons |
| 9:04 | Shaman |
| 9:25 | Troll Headhunter |
| 9:54 | Troll Headhunter |
| 11:14 | Orc Burrow |
| 11:16 | Shaman Master Training |
| 11:54 | Berserker Upgrade |
| 11:59 | Endurance Aura |
| 12:04 | Thorium Armor |
| 12:23 | Troll Headhunter |
| 12:34 | Shaman |
| 12:55 | Troll Berserker |
| 13:20 | Troll Berserker |
| 13:24 | Reinforced Defenses |
| 14:08 | Chain Lighting |
| 14:22 | Watch Tower |
| 14:31 | Demolisher |
| 14:40 | Troll Berserker |
| 14:43 | Demolisher |
| 14:48 | Orc Burrow |
| 15:10 | Troll Berserker |
| 16:02 | Watch Tower |
| 16:24 | Demolisher |
| 17:31 | Troll Berserker |
| 18:29 | Great Hall |
| 18:47 | Watch Tower |
| 18:57 | Watch Tower |
| 18:59 | Watch Tower |
| 19:03 | Watch Tower |
| 19:05 | Watch Tower |
| 19:07 | Watch Tower |
| 19:15 | Healing Salve |
| 19:48 | Shaman |
| 20:03 | Watch Tower |
| 20:10 | Watch Tower |
| 20:12 | Watch Tower |
| 20:29 | Watch Tower |
| 21:08 | Watch Tower |
| 21:36 | Watch Tower |
| 22:01 | Troll Berserker |
| 22:07 | Watch Tower |
| 22:35 | Watch Tower |
| 23:25 | Watch Tower |
| 23:39 | Stronghold |
| 23:51 | Shaman |
| 23:55 | Grunt |
| 23:58 | Troll Berserker |
| 24:22 | Great Hall |
| 24:49 | Watch Tower |
| 25:43 | Dust of Appearance |
| 26:07 | Watch Tower |
| 26:52 | War Stomp |
| 28:48 | Great Hall |
| 29:02 | Watch Tower |
| 29:14 | Shaman |
| 29:22 | Troll Berserker |
| 29:33 | Watch Tower |
| 30:07 | Watch Tower |
| 30:40 | Troll Berserker |
| 30:50 | Watch Tower |
| 30:59 | Shaman |
| 31:37 | Watch Tower |
| 32:40 | Watch Tower |
| 32:42 | Peon |
| 33:04 | Watch Tower |
| 33:29 | Troll Berserker |
| 33:30 | Shaman |
| 33:45 | Beastiary |
| 34:13 | Peon |
| 34:13 | Peon |
| 34:39 | Watch Tower |
| 34:43 | Watch Tower |
| 34:58 | Scroll of Town Portal |
| 35:33 | Shaman |
| 35:40 | Troll Batrider |
| 35:40 | Troll Batrider |
| 36:42 | Troll Batrider |
| 36:49 | Fortress |
| 36:52 | Watch Tower |
| 37:26 | Troll Batrider |
| 37:26 | Troll Batrider |
| 38:34 | Watch Tower |
| 40:08 | Great Hall |
| 40:39 | Watch Tower |
| 40:42 | Watch Tower |
| 41:07 | Watch Tower |
| 42:07 | Troll Berserker |
| 42:10 | Shaman |
| 42:10 | Shaman |
| 42:28 | Watch Tower |
| 43:32 | Watch Tower |
| 43:36 | Watch Tower |
| 44:12 | Feral Spirit |
| 44:16 | Shaman |
| 44:41 | Watch Tower |
| 44:51 | Troll Berserker |
| 45:42 | Troll Berserker |
| 46:01 | Troll Berserker |
| 46:44 | Troll Berserker |
| 47:57 | Troll Berserker |
| 48:05 | Great Hall |
| 48:11 | Shaman |
| 48:15 | Troll Berserker |
| 48:23 | Troll Batrider |
| 48:23 | Troll Batrider |
| 48:23 | Troll Batrider |
| 48:47 | Troll Berserker |
| 49:47 | Troll Berserker |
| 50:16 | Watch Tower |
| 50:18 | Watch Tower |
| 50:30 | Troll Berserker |
| Right click | 1209 |
| Select | 591 |
| Select group | 352 |
| Misc. action | 273 |
| Build/train/purchase | 168 |
| Resource trade | 54 |
| Minimap ping | 46 |
| Assign group | 44 |
| Use ability | 27 |
| Chat | 26 |
| Remove unit | 5 |
| Item give/drop | 2 |
| Esc | 1 |

| Potion of Healing | 3 | 450 |
| Orb of Venom | 1 | 325 |
| Staff of Preservation | 1 | 150 |
| Lesser Clarity Potion | 1 | 70 |
| Moonstone | 1 | 50 |
| Anti-magic Potion | 2 | 200 |
| Scroll of Town Portal | 11 | 3850 |
| Potion of Lesser Invulnerability | 1 | 150 |
| Staff of Teleportation | 1 | 150 |
| Healing Salve | 1 | 100 |
| total: | 23 | 5495g |
| Wisp | 20 | 1200 | / | 0 |
| Archer | 20 | 2600 | / | 200 |
| Mountain Giant | 6 | 2100 | / | 600 |
| Dryad | 35 | 5075 | / | 2100 |
| total: | 81 | 10975g | / | 2900w |
| Altar of Elders | 1 | 180 | / | 50 |
| Moon Well | 10 | 1800 | / | 400 |
| Ancient of War | 2 | 300 | / | 120 |
| Ancient of Wonders | 2 | 180 | / | 60 |
| Hunter's Hall | 1 | 210 | / | 100 |
| Tree of Life | 2 | 680 | / | 370 |
| Ancient of Lore | 4 | 620 | / | 580 |
| Chimaera Roost | 3 | 420 | / | 570 |
| Tree of Ages | 2 | 640 | / | 360 |
| Tree of Eternity | 2 | 660 | / | 400 |
| total: | 25 | 4390g | / | 2250w |
| 0:01 | Wisp |
| 0:01 | Wisp |
| 0:06 | Altar of Elders |
| 0:17 | Moon Well |
| 0:20 | Wisp |
| 0:33 | Ancient of War |
| 0:36 | Wisp |
| 0:41 | Wisp |
| 0:50 | Wisp |
| 1:02 | Wisp |
| 1:24 | Wisp |
| 1:34 | Moon Well |
| 1:38 | Archer |
| 1:38 | Archer |
| 1:53 | Wisp |
| 1:58 | Wisp |
| 2:06 | Ancient of War |
| 2:08 | Wisp |
| 2:16 | Mana Burn |
| 2:26 | Ancient of Wonders |
| 2:47 | Tree of Ages |
| 2:52 | Archer |
| 2:52 | Archer |
| 3:21 | Moon Well |
| 3:27 | Archer |
| 3:47 | Archer |
| 3:56 | Hunter's Hall |
| 4:47 | Evasion |
| 5:10 | Tree of Life |
| 5:14 | Wisp |
| 5:14 | Wisp |
| 5:18 | Ancient of Lore |
| 5:19 | Ancient of Lore |
| 5:29 | Ancient of Wonders |
| 5:49 | Mana Burn |
| 6:00 | Ultravision |
| 6:02 | Wisp |
| 6:35 | Tree of Eternity |
| 6:53 | Mountain Giant |
| 6:55 | Reinforced Hides |
| 7:14 | Wisp |
| 7:15 | Wisp |
| 7:15 | Wisp |
| 7:15 | Wisp |
| 7:48 | Mountain Giant |
| 7:54 | Wisp |
| 8:13 | Improved Reinforced Hides |
| 8:56 | Moon Well |
| 8:58 | Hardened Skin |
| 8:59 | Resistant Skin |
| 9:54 | Mountain Giant |
| 9:55 | Advanced Reinforced Hides |
| 10:39 | Nature's Blessing |
| 10:48 | Moon Well |
| 10:52 | Moon Well |
| 11:07 | Well Spring |
| 11:43 | Mountain Giant |
| 12:00 | Strength of the Wild |
| 12:08 | Potion of Healing |
| 12:08 | Orb of Venom |
| 12:09 | Staff of Preservation |
| 12:26 | Archer |
| 12:50 | Archer |
| 12:52 | Mountain Giant |
| 13:09 | Improved Strength of the Wild |
| 13:56 | Moon Well |
| 13:57 | Moon Well |
| 14:03 | Evasion |
| 14:16 | Mountain Giant |
| 14:57 | Archer |
| 15:05 | Advanced Strength of the Wild |
| 16:39 | Chimaera Roost |
| 16:44 | Chimaera Roost |
| 16:44 | Chimaera Roost |
| 17:49 | Archer |
| 17:49 | Archer |
| 17:50 | Archer |
| 17:55 | Wisp |
| 18:10 | Healing Salve |
| 18:10 | Lesser Clarity Potion |
| 18:31 | Archer |
| 18:35 | Marksmanship |
| 18:36 | Improved Bows |
| 18:51 | Scroll of Town Portal |
| 19:11 | Mana Burn |
| 19:26 | Archer |
| 20:26 | Archer |
| 20:41 | Archer |
| 20:43 | Scroll of Town Portal |
| 21:35 | Archer |
| 21:35 | Archer |
| 21:36 | Abolish Magic |
| 21:37 | Dryad |
| 21:37 | Dryad |
| 22:06 | Archer |
| 22:48 | Scroll of Town Portal |
| 22:57 | Dryad |
| 23:04 | Moon Well |
| 23:18 | Moon Well |
| 24:53 | Scroll of Town Portal |
| 24:54 | Potion of Healing |
| 24:59 | Moonstone |
| 26:20 | Dryad |
| 26:20 | Archer |
| 27:09 | Dryad |
| 27:32 | Dryad |
| 27:33 | Dryad |
| 28:11 | Potion of Lesser Invulnerability |
| 29:30 | Dryad |
| 30:43 | Tree of Life |
| 30:51 | Scroll of Town Portal |
| 31:17 | Dryad |
| 31:18 | Dryad |
| 32:08 | Staff of Teleportation |
| 32:58 | Scroll of Town Portal |
| 34:07 | Dryad |
| 34:22 | Anti-magic Potion |
| 34:59 | Dryad |
| 35:31 | Dryad |
| 35:54 | Dryad |
| 36:37 | Scroll of Town Portal |
| 36:37 | Scroll of Town Portal |
| 37:10 | Potion of Healing |
| 37:27 | Dryad |
| 38:26 | Scroll of Town Portal |
| 38:27 | Anti-magic Potion |
| 38:59 | Dryad |
| 39:01 | Dryad |
| 39:37 | Dryad |
| 39:53 | Metamorphosis |
| 40:03 | Dryad |
| 40:54 | Dryad |
| 42:09 | Dryad |
| 42:43 | Dryad |
| 42:43 | Dryad |
| 43:04 | Dryad |
| 43:59 | Scroll of Town Portal |
| 44:20 | Dryad |
| 44:50 | Dryad |
| 45:31 | Dryad |
| 45:50 | Dryad |
| 46:20 | Evasion |
| 46:29 | Dryad |
| 46:59 | Dryad |
| 47:43 | Ancient of Lore |
| 47:45 | Ancient of Lore |
| 48:28 | Scroll of Town Portal |
| 49:01 | Dryad |
| 49:16 | Dryad |
| 49:32 | Dryad |
| 50:06 | Dryad |
| 50:06 | Dryad |
| Right click | 2625 |
| Select group | 2207 |
| Select | 1146 |
| Build/train/purchase | 250 |
| Misc. action | 171 |
| Assign group | 160 |
| Use ability | 155 |
| Minimap ping | 14 |
| Resource trade | 14 |
| Item give/drop | 11 |
| Esc | 8 |
| Chat | 4 |


| Anti-magic Potion | 2 | 200 |
| Orb of Venom | 2 | 650 |
| Potion of Healing | 5 | 750 |
| Staff of Preservation | 1 | 150 |
| Scroll of Healing | 2 | 500 |
| Scroll of Town Portal | 3 | 1050 |
| Dust of Appearance | 1 | 75 |
| Staff of Teleportation | 1 | 150 |
| Potion of Lesser Invulnerability | 1 | 150 |
| total: | 18 | 3675g |
| Wisp | 44 | 2640 | / | 0 |
| Druid of the Talon | 21 | 3045 | / | 420 |
| Chimaera | 7 | 2310 | / | 490 |
| Hippogryph | 19 | 3040 | / | 380 |
| total: | 91 | 11035g | / | 1290w |
| Ancient Protector | 9 | 1215 | / | 720 |
| Altar of Elders | 1 | 180 | / | 50 |
| Moon Well | 8 | 1440 | / | 320 |
| Ancient of War | 1 | 150 | / | 60 |
| Tree of Life | 6 | 2040 | / | 1110 |
| Hunter's Hall | 1 | 210 | / | 100 |
| Ancient of Wonders | 1 | 90 | / | 30 |
| Ancient of Wind | 5 | 750 | / | 700 |
| Chimaera Roost | 2 | 280 | / | 380 |
| Tree of Ages | 5 | 1600 | / | 900 |
| Tree of Eternity | 4 | 1320 | / | 800 |
| total: | 34 | 6355g | / | 3470w |
| 0:05 | Wisp |
| 0:05 | Wisp |
| 0:05 | Wisp |
| 0:21 | Altar of Elders |
| 0:29 | Moon Well |
| 0:36 | Ancient of War |
| 0:37 | Wisp |
| 0:37 | Wisp |
| 0:55 | Wisp |
| 1:02 | Wisp |
| 1:02 | Wisp |
| 1:02 | Wisp |
| 1:03 | Wisp |
| 1:03 | Wisp |
| 1:40 | Wisp |
| 1:53 | Moon Well |
| 1:55 | Wisp |
| 1:55 | Wisp |
| 1:55 | Wisp |
| 1:56 | Wisp |
| 1:56 | Wisp |
| 2:15 | Wisp |
| 2:15 | Wisp |
| 2:16 | Wisp |
| 2:33 | Wisp |
| 2:34 | Wisp |
| 2:34 | Wisp |
| 2:34 | Wisp |
| 2:49 | Evasion |
| 2:53 | Moon Well |
| 3:30 | Tree of Ages |
| 4:16 | Mana Burn |
| 4:20 | Tree of Life |
| 4:29 | Hunter's Hall |
| 4:51 | Moon Well |
| 5:51 | Ancient Protector |
| 5:54 | Ancient Protector |
| 5:57 | Tree of Eternity |
| 6:22 | Ancient of Wind |
| 6:25 | Staff of Teleportation |
| 7:32 | Ancient Protector |
| 7:35 | Moon Well |
| 7:42 | Wisp |
| 7:43 | Wisp |
| 7:43 | Wisp |
| 7:43 | Wisp |
| 7:44 | Wisp |
| 7:46 | Nature's Blessing |
| 8:29 | Chimaera Roost |
| 8:32 | Chimaera Roost |
| 8:33 | Wisp |
| 8:33 | Wisp |
| 8:33 | Wisp |
| 8:33 | Wisp |
| 8:33 | Wisp |
| 8:40 | Moon Well |
| 8:41 | Druid of the Talon |
| 8:42 | Druid of the Talon Adept Training |
| 8:57 | Ancient of Wonders |
| 9:15 | Wisp |
| 9:15 | Wisp |
| 9:53 | Moon Well |
| 10:17 | Chimaera |
| 10:19 | Corrosive Breath |
| 10:51 | Moon Well |
| 10:53 | Druid of the Talon Master Training |
| 10:53 | Druid of the Talon |
| 10:55 | Reinforced Hides |
| 10:56 | Strength of the Wild |
| 10:56 | Improved Strength of the Wild |
| 11:11 | Chimaera |
| 11:37 | Chimaera |
| 11:44 | Ancient of Wind |
| 12:27 | Chimaera |
| 12:29 | Mark of the Talon |
| 12:29 | Druid of the Talon |
| 12:50 | Anti-magic Potion |
| 12:51 | Orb of Venom |
| 12:56 | Searing Arrows |
| 13:07 | Anti-magic Potion |
| 13:08 | Potion of Healing |
| 13:13 | Potion of Healing |
| 13:29 | Druid of the Talon |
| 14:00 | Evasion |
| 14:25 | Potion of Lesser Invulnerability |
| 14:26 | Scroll of Healing |
| 14:27 | Scroll of Town Portal |
| 14:51 | Trueshot Aura |
| 15:15 | Chimaera |
| 15:18 | Improved Reinforced Hides |
| 15:19 | Advanced Strength of the Wild |
| 15:22 | Backpack |
| 15:39 | Druid of the Talon |
| 16:14 | Tree of Life |
| 16:53 | Trueshot Aura |
| 16:58 | Mana Burn |
| 17:15 | Druid of the Talon |
| 17:16 | Hippogryph |
| 17:50 | Druid of the Talon |
| 18:44 | Druid of the Talon |
| 18:48 | Advanced Reinforced Hides |
| 18:50 | Well Spring |
| 19:03 | Ancient of Wind |
| 19:40 | Druid of the Talon |
| 20:26 | Hippogryph |
| 21:08 | Hippogryph |
| 21:12 | Wisp |
| 21:13 | Wisp |
| 21:23 | Tree of Ages |
| 21:44 | Wisp |
| 21:55 | Dust of Appearance |
| 22:02 | Wisp |
| 22:02 | Wisp |
| 22:06 | Wisp |
| 22:07 | Wisp |
| 22:10 | Hippogryph |
| 22:10 | Hippogryph |
| 22:10 | Hippogryph |
| 22:10 | Hippogryph |
| 22:29 | Wisp |
| 22:45 | Hippogryph |
| 23:06 | Ancient Protector |
| 23:09 | Ancient Protector |
| 23:16 | Tree of Life |
| 23:18 | Ancient Protector |
| 23:21 | Ancient Protector |
| 23:40 | Hippogryph |
| 24:05 | Hippogryph |
| 24:05 | Hippogryph |
| 24:05 | Hippogryph |
| 24:21 | Hippogryph |
| 25:45 | Hippogryph |
| 26:35 | Hippogryph |
| 26:35 | Hippogryph |
| 26:35 | Hippogryph |
| 28:30 | Moon Armor |
| 28:31 | Strength of the Moon |
| 28:52 | Ancient of Wind |
| 28:58 | Ancient Protector |
| 28:59 | Tree of Ages |
| 29:04 | Hippogryph |
| 29:05 | Hippogryph |
| 30:25 | Potion of Healing |
| 30:27 | Potion of Healing |
| 30:29 | Potion of Healing |
| 30:32 | Staff of Preservation |
| 30:33 | Scroll of Town Portal |
| 30:48 | Druid of the Talon |
| 31:16 | Druid of the Talon |
| 31:49 | Scroll of Healing |
| 32:08 | Druid of the Talon |
| 33:04 | Druid of the Talon |
| 33:05 | Druid of the Talon |
| 33:46 | Tree of Eternity |
| 34:17 | Druid of the Talon |
| 34:19 | Druid of the Talon |
| 34:53 | Druid of the Talon |
| 34:55 | Ultravision |
| 35:00 | Searing Arrows |
| 35:37 | Druid of the Talon |
| 35:39 | Druid of the Talon |
| 35:42 | Ancient of Wind |
| 36:24 | Mana Burn |
| 36:35 | Druid of the Talon |
| 36:46 | Orb of Venom |
| 37:26 | Chimaera |
| 37:27 | Chimaera |
| 38:45 | Scroll of Town Portal |
| 39:40 | Druid of the Talon |
| 39:50 | Ancient Protector |
| 42:22 | Tree of Life |
| 45:27 | Tree of Life |
| 50:28 | Tree of Life |
| Select group | 3014 |
| Right click | 1003 |
| Select | 683 |
| Misc. action | 257 |
| Build/train/purchase | 242 |
| Assign group | 134 |
| Use ability | 91 |
| Minimap ping | 25 |
| Resource trade | 8 |
| Item give/drop | 6 |
| Esc | 6 |
| Remove unit | 3 |
⇛